[Event "Titled Tuesday Blitz July 18 Early 2023"]
[White "Schwabeneder, Florian"]
[Black "Postlmayer, Jakob"]
[WhiteFideId "1626191"]
[BlackFideId "1643622"]
[WhiteElo "2640"]
[BlackElo "2538"]
[Result "0-1"]
[Round "10"]
[TimeControl "180+2"]
[Date "2023.07.18"]
[WhiteClock "0:00:00"]
[BlackClock "0:00:07"]
[Board "46"]

1. Nf3 Nf6 2. d4 d5 3. Bf4 c5 4. e3 Nc6 5. c3 Qb6 6. Qc2 Bg4 7. Nbd2 e6 8. Be2 Be7 9. O-O O-O 10. h3 Bf5 11. Qb3 Rfc8 12. dxc5 Bxc5 13. Nd4 Bg6 14. N2f3 Be7 15. Rfd1 h6 16. Rac1 Qxb3 17. axb3 a6 18. b4 Kf8 19. Nxc6 Rxc6 20. Ne5 Rcc8 21. Nxg6+ fxg6 22. Ra1 Kf7 23. Ra4 g5 24. Bh2 Rd8 25. Rda1 Rac8 26. b5 axb5 27. Bxb5 Rc5 28. Bd3 Bd6 29. Rb4 Bxh2+ 30. Kxh2 Rd7 31. Ra7 Rcc7 32. f3 Re7 33. Kg1 Ne8 34. Rb6 Nf6 35. Kf2 e5 36. Ke2 h5 37. Kd2 h4 38. Bc2 Red7 39. Ba4 Re7 40. Bb3 Ke8 41. Ra5 Red7 42. Rbb5 Ke7 43. Bxd5 b6 44. Ra8 Nxd5 45. Ke2 Rc5 46. Rb3 Rc6 47. Rb8 Rcd6 0-1


[Site "https://www.chess.com"]

[Event "Titled Tuesday Blitz July 18 Early 2023"]
[White "Herzog2012"]
[Black "Belov, Alexei"]
[BlackFideId "4128206"]
[WhiteElo "2458"]
[BlackElo "2632"]
[Result "0-1"]
[Round "10"]
[TimeControl "180+2"]
[Date "2023.07.18"]
[WhiteClock "0:00:00"]
[BlackClock "0:00:33"]
[Board "47"]

1. e4 e6 2. Nf3 d5 3. e5 c5 4. b4 cxb4 5. a3 bxa3 6. Nxa3 Nc6 7. c3 Bd7 8. d4 a6 9. Bd3 Rc8 10. h4 Na5 11. Bd2 Ne7 12. h5 h6 13. O-O Nc4 14. Nc2 Nb2 15. Qe2 Nxd3 16. Qxd3 Bb5 17. Qe3 Bxf1 18. Kxf1 Nc6 19. Nfe1 Na5 20. Qg3 Nb3 21. Rd1 Qc7 22. Ne3 Rg8 23. f4 Be7 24. f5 Bg5 25. Qh3 Qd7 26. fxe6 fxe6 27. c4 Rf8+ 28. Kg1 Qf7 29. Nf3 Nxd2 30. Nxg5 hxg5 31. Rxd2 dxc4 32. d5 c3 33. dxe6 Qf4 34. e7 g4 35. exf8=Q+ Kxf8 36. Nxg4 cxd2 37. Nf2 Rc1+ 0-1


[Site "https://www.chess.com"]

[Event "Titled Tuesday Blitz July 18 Early 2023"]
[White "favesaul"]
[Black "Tregubov, Pavel V."]
[BlackFideId "4115341"]
[WhiteElo "2455"]
[BlackElo "2628"]
[Result "0-1"]
[Round "10"]
[TimeControl "180+2"]
[Date "2023.07.18"]
[WhiteClock "0:00:00"]
[BlackClock "0:00:08"]
[Board "48"]

1. e4 c5 2. Nf3 e6 3. d4 cxd4 4. Nxd4 Nf6 5. Nc3 Nc6 6. Be2 Bb4 7. O-O Bxc3 8. bxc3 Nxe4 9. Nxc6 bxc6 10. Bd3 d5 11. Ba3 c5 12. Bxe4 dxe4 13. Bxc5 Qxd1 14. Rfxd1 Bd7 15. Rab1 Bc6 16. h4 Bd5 17. a3 Rc8 18. Bxa7 O-O 19. Bd4 Ra8 20. Bc5 Rfc8 21. Bb4 h5 22. Kh2 f6 23. Rd2 Kf7 24. Re1 Kg6 25. Kg3 Kf5 26. f3 exf3 27. gxf3 g5 28. Rd4 Rg8 29. hxg5 Rxg5+ 30. Kf2 Rag8 31. Ke3 Rg2 32. c4 Bc6 33. Be7 Rxc2 34. Rf4+ Kg6 35. Rxf6+ Kh7 36. Rxe6 Rxc4 37. Bf6 Re8 38. Rxe8 Bxe8 39. Rg1 Bg6 40. Rd1 Bf5 41. Be5 h4 42. Ra1 h3 43. a4 Kg6 44. a5 Rc5 45. Kd4 Rc8 46. a6 Rd8+ 47. Ke3 Re8 48. Kd4 Rd8+ 49. Kc5 Be6 50. a7 Rc8+ 51. Kd4 Rd8+ 52. Ke3 Bd5 53. Kf2 Kf5 54. Bd4 Ba8 55. Bb6 Rg8 56. Bc7 Rg2+ 57. Ke3 Rc2 58. Bd6 Rc3+ 59. Kd4 Rxf3 60. Bc7 Rf2 61. Bd6 Rd2+ 62. Kc5 Rd5+ 63. Kc4 Rxd6 64. Rf1+ Kg4 65. Rg1+ Kf3 66. Kc5 Rd5+ 67. Kb6 h2 68. Rf1+ Kg2 0-1


[Site "https://www.chess.com"]

[Event "Titled Tuesday Blitz July 18 Early 2023"]
[White "lgabi"]
[Black "Frolyanov, Dmitry"]
[BlackFideId "4151976"]
[WhiteElo "2345"]
[BlackElo "2617"]
[Result "0-1"]
[Round "10"]
[TimeControl "180+2"]
[Date "2023.07.18"]
[WhiteClock "0:00:01"]
[BlackClock "0:00:32"]
[Board "49"]

1. e4 e5 2. Nf3 Nf6 3. Nxe5 d6 4. Nf3 Nxe4 5. d4 d5 6. Bd3 Bd6 7. O-O O-O 8. c4 c6 9. Nc3 Nxc3 10. bxc3 dxc4 11. Bxc4 Bg4 12. Rb1 b5 13. Be2 Nd7 14. a4 a6 15. Qc2 Bh5 16. Ng5 Bg6 17. Bd3 Qc7 18. f4 Bxd3 19. Qxd3 Nf6 20. c4 bxc4 21. Qxc4 Rfe8 22. Bd2 h6 23. Nf3 c5 24. Rbc1 Ne4 25. Be3 Bxf4 26. Bxf4 Qxf4 27. g3 Qe3+ 28. Kg2 cxd4 29. Rce1 Nd2 30. Rxe3 Nxc4 31. Rxe8+ Rxe8 32. Rc1 Ne3+ 33. Kf2 d3 34. h3 Nd5 35. Rd1 Re2+ 36. Kg1 Nb4 37. Kf1 Ra2 38. Ne5 d2 39. Ke2 Nd5 40. Rxd2 Nc3+ 41. Kd3 Rxd2+ 42. Kxd2 Nxa4 43. Kd3 Nc5+ 44. Kd4 Ne6+ 45. Ke4 a5 46. Nc4 a4 47. h4 h5 48. Kf5 g6+ 49. Kf6 Nc5 50. Na3 Ne4+ 0-1


[Site "https://www.chess.com"]

[Event "Titled Tuesday Blitz July 18 Early 2023"]
[White "Molina, Roberto Junio Brito"]
[Black "Jiang, Andrew"]
[WhiteFideId "2109450"]
[BlackFideId "30953510"]
[WhiteElo "2860"]
[BlackElo "2412"]
[Result "1-0"]
[Round "10"]
[TimeControl "180+2"]
[Date "2023.07.18"]
[WhiteClock "0:00:53"]
[BlackClock "0:01:34"]
[Board "50"]

1. e4 e5 2. f4 d5 3. exd5 exf4 4. Bb5+ Bd7 5. Bxd7+ Qxd7 6. c4 Nf6 7. Nf3 c6 8. Qe2+ Be7 9. Ne5 Qc7 10. d4 cxd5 11. Bxf4 Qb6 12. c5 Qb4+ 13. Qd2 Qxd2+ 14. Kxd2 Ne4+ 15. Kc2 O-O 16. Nc3 b6 17. Nxd5 Bd8 18. Rae1 f5 19. c6 Nxc6 20. Nxc6 Rc8 21. Bc7 Bxc7 22. Nde7+ Kf7 23. Nxc8 Rxc8 24. Nxa7 Ra8 25. Nb5 Bd8 26. a3 Ke6 27. Nc3 Rc8 28. Kd3 Bf6 29. Nxe4 fxe4+ 30. Rxe4+ Kd5 31. Rf1 b5 32. Rf5+ 1-0


[Site "https://www.chess.com"]

[Event "Titled Tuesday Blitz July 18 Early 2023"]
[White "Marosi, Levente"]
[Black "Wagh Suyog"]
[WhiteFideId "747181"]
[BlackFideId "25071688"]
[WhiteElo "2534"]
[BlackElo "2793"]
[Result "0-1"]
[Round "10"]
[TimeControl "180+2"]
[Date "2023.07.18"]
[WhiteClock "0:00:11"]
[BlackClock "0:00:17"]
[Board "51"]

1. e4 e6 2. d4 d5 3. Nd2 c5 4. exd5 Qxd5 5. Ngf3 cxd4 6. Bc4 Qd7 7. O-O Nc6 8. Nb3 Nf6 9. Nbxd4 Nxd4 10. Nxd4 a6 11. Re1 Be7 12. c3 b5 13. Be2 Bb7 14. Bf3 O-O 15. Bg5 Rfd8 16. Qe2 h6 17. Bh4 Re8 18. Rad1 Nd5 19. Bg3 Bf6 20. a4 e5 21. Nb3 e4 22. Bxe4 Qe7 23. f3 bxa4 24. Bxd5 Qxe2 25. Rxe2 Rxe2 26. Bxb7 Rd8 27. Rxd8+ Bxd8 28. Nc5 Bb6 29. Bxa6 Bxc5+ 30. Kf1 Rxb2 31. Be5 f6 32. Bc4+ Kh8 0-1


[Site "https://www.chess.com"]

[Event "Titled Tuesday Blitz July 18 Early 2023"]
[White "djokovic74"]
[Black "Garakov, Mikhael"]
[BlackFideId "4169034"]
[WhiteElo "2733"]
[BlackElo "2530"]
[Result "1-0"]
[Round "10"]
[TimeControl "180+2"]
[Date "2023.07.18"]
[WhiteClock "0:00:51"]
[BlackClock "0:00:10"]
[Board "52"]

1. e4 c5 2. Nf3 e6 3. d4 cxd4 4. Nxd4 Nc6 5. Nc3 Qc7 6. Be3 a6 7. a3 Nf6 8. f4 d6 9. Qf3 Bd7 10. O-O-O Rc8 11. g4 Nxd4 12. Rxd4 e5 13. Rd2 Bxg4 14. Qg3 exf4 15. Bxf4 Be6 16. Be2 Qa5 17. Rhd1 Rxc3 18. Qxc3 Qxc3 19. bxc3 Nxe4 20. Rd4 Nxc3 21. Re1 Nxe2+ 22. Rxe2 Be7 23. Bxd6 Bxd6 24. Rxd6 Ke7 25. Rb6 Rc8 26. Rxb7+ Kf6 27. Rb6 g5 28. Rxa6 g4 29. a4 h5 30. a5 Kg5 31. Re5+ Bf5 32. Rb6 h4 33. Rbb5 Rxc2+ 34. Kd1 Rf2 35. Ke1 g3 36. hxg3 hxg3 37. Rxf5+ Rxf5 38. Rxf5+ Kxf5 39. a6 Kg4 40. a7 1-0


[Site "https://www.chess.com"]

[Event "Titled Tuesday Blitz July 18 Early 2023"]
[White "Philippe, Guillaume"]
[Black "Goltsev, Dmitry"]
[WhiteFideId "36048763"]
[BlackFideId "24176710"]
[WhiteElo "2524"]
[BlackElo "2719"]
[Result "1-0"]
[Round "10"]
[TimeControl "180+2"]
[Date "2023.07.18"]
[WhiteClock "0:00:15"]
[BlackClock "0:00:03"]
[Board "53"]

1. e4 e6 2. d4 d5 3. Nc3 c5 4. exd5 exd5 5. dxc5 Nf6 6. Nf3 Bxc5 7. Bd3 O-O 8. O-O Bg4 9. Bg5 Nc6 10. Bxf6 Qxf6 11. Nxd5 Qxb2 12. Bxh7+ Kh8 13. Bd3 Rad8 14. Rb1 Qxa2 15. Nc3 Qe6 16. Re1 Qh6 17. Ne4 Bb6 18. h3 Bh5 19. Ng3 Bg6 20. Qe2 Bxd3 21. cxd3 Qf4 22. Ne4 f6 23. Rb5 g6 24. g3 Qh6 25. Kg2 Kg7 26. Qb2 Rxd3 27. Neg5 Kh8 28. Re4 Kg8 29. Qa2+ Kg7 30. Ne6+ Kg8 31. Rh4 Qc1 32. Neg5+ Rd5 33. Qxd5+ Kg7 34. Rh7# 1-0


[Site "https://www.chess.com"]

[Event "Titled Tuesday Blitz July 18 Early 2023"]
[White "Vyatkin, Dmitry"]
[Black "Preotu, Razvan"]
[WhiteFideId "4171900"]
[BlackFideId "2613280"]
[WhiteElo "2523"]
[BlackElo "2719"]
[Result "0-1"]
[Round "10"]
[TimeControl "180+2"]
[Date "2023.07.18"]
[WhiteClock "0:00:00"]
[BlackClock "0:00:02"]
[Board "54"]

1. d4 Nf6 2. c4 g6 3. g3 c6 4. Bg2 d5 5. Nf3 Bg7 6. O-O O-O 7. b3 dxc4 8. bxc4 c5 9. Bb2 cxd4 10. Nxd4 Qb6 11. Qb3 Nfd7 12. e3 Nc5 13. Qxb6 axb6 14. Nd2 Rd8 15. N2b3 Nba6 16. Ba3 Bf5 17. Nxf5 gxf5 18. Rad1 e6 19. Rxd8+ Rxd8 20. Nxc5 Nxc5 21. Bxc5 bxc5 22. Bxb7 Rd3 23. a4 Ra3 24. Bc6 Be5 25. Rd1 Kg7 26. Rd7 Ra2 27. Ra7 Kf8 28. a5 Bc3 29. a6 Be1 30. Bb5 Bxf2+ 31. Kf1 Bxe3 32. Rb7 f4 33. gxf4 Bxf4 34. a7 Kg7 35. Bc6 Bxh2 36. Rd7 Be5 37. a8=Q Rxa8 38. Bxa8 Bd4 39. Ke2 Kf8 40. Kf3 h6 41. Kg4 Kg7 42. Be4 Kf6 43. Bd3 Be5 44. Kh5 Bf4 45. Bh7 Kg7 46. Bg6 Kf6 47. Rxf7+ Ke5 0-1


[Site "https://www.chess.com"]

[Event "Titled Tuesday Blitz July 18 Early 2023"]
[White "ArtemDyachuk"]
[Black "Liyanage, Ranindu Dilshan"]
[BlackFideId "9915834"]
[WhiteElo "2521"]
[BlackElo "2689"]
[Result "0-1"]
[Round "10"]
[TimeControl "180+2"]
[Date "2023.07.18"]
[WhiteClock "0:00:00"]
[BlackClock "0:00:10"]
[Board "55"]

1. e4 c5 2. Nf3 Nc6 3. d4 cxd4 4. Nxd4 Nf6 5. Nc3 e5 6. Ndb5 d6 7. Nd5 Nxd5 8. exd5 Ne7 9. c4 Ng6 10. h4 h5 11. Qa4 Bd7 12. Qb4 Qb8 13. Be3 a6 14. Nc3 Be7 15. Ne4 f5 16. Ng5 f4 17. Bd3 Nxh4 18. Rxh4 Bxg5 19. Bg6+ Ke7 20. Bxf4 exf4 21. Rh1 Qc7 22. O-O-O Raf8 23. f3 Bf6 24. Kb1 Be5 25. Rhe1 Kf6 26. Bc2 b5 27. cxb5 axb5 28. g4 hxg4 29. Qe4 Rh6 30. fxg4 g5 31. Rh1 Rfh8 32. Rxh6+ Rxh6 33. Rh1 Rxh1+ 34. Qxh1 Qc5 35. Qh6+ Ke7 36. Qxg5+ Bf6 37. Qxf4 Qg1+ 38. Qc1 Qxc1+ 39. Kxc1 Bxg4 40. Bd3 b4 41. a3 bxa3 42. bxa3 Bf3 43. Bc4 Kd7 44. Kd2 Kc7 45. Ke3 Bh1 46. Kf4 Kb6 47. Kf5 Bb2 48. Ke6 Bxa3 49. Bb3 Kc5 50. Ba2 Bc1 51. Bb3 Bf4 52. Ba2 Bg2 53. Bb3 Bh3+ 54. Ke7 Kb4 55. Ba2 Bf5 56. Kf6 Bd3 57. Ke6 Ka3 0-1


[Site "https://www.chess.com"]

[Event "Titled Tuesday Blitz July 18 Early 2023"]
[White "MFatigue"]
[Black "Eugene, Floryan"]
[BlackFideId "20694784"]
[WhiteElo "2518"]
[BlackElo "2681"]
[Result "1-0"]
[Round "10"]
[TimeControl "180+2"]
[Date "2023.07.18"]
[WhiteClock "0:00:27"]
[BlackClock "0:00:51"]
[Board "56"]

1. e4 c5 2. a3 f5 3. Nc3 fxe4 4. Nxe4 e6 5. Nxc5 Nf6 6. Nb3 Bd6 7. Nf3 O-O 8. d4 b6 9. Be2 Bb7 10. O-O Nc6 11. Be3 Ne7 12. c4 Ng4 13. h3 Nxe3 14. fxe3 Nf5 15. Qd2 Qc7 16. c5 Bg3 17. cxb6 Qxb6 18. Nc5 Bc6 19. e4 Nd6 20. e5 Nf5 21. b4 a5 22. Rab1 axb4 23. axb4 d6 24. Nxe6 Rfe8 25. Nfg5 Nxd4 26. Qxd4 Qxd4+ 27. Nxd4 Bd5 28. Bf3 Rxe5 29. Bxd5+ Rxd5 30. Ngf3 Ra4 31. b5 Ra8 32. b6 Rb8 33. b7 Rc5 34. Ng5 Rc7 35. Nge6 Rf7 36. Rxf7 Kxf7 37. Nc6 d5 38. Nxb8 Bxb8 39. Nd8+ Ke8 40. Nc6 1-0


[Site "https://www.chess.com"]

[Event "Titled Tuesday Blitz July 18 Early 2023"]
[White "Nagare Kaivalya Sandip"]
[Black "Mathieu, Phileas"]
[WhiteFideId "25957929"]
[BlackFideId "36048410"]
[WhiteElo "2657"]
[BlackElo "2517"]
[Result "1-0"]
[Round "10"]
[TimeControl "180+2"]
[Date "2023.07.18"]
[WhiteClock "0:00:42"]
[BlackClock "0:00:07"]
[Board "57"]

1. e4 e5 2. Nf3 Nc6 3. Bb5 Nf6 4. d3 d6 5. Nbd2 g6 6. Nf1 Bg7 7. Ng3 Bd7 8. c3 a6 9. Ba4 b5 10. Bb3 Qe7 11. h4 Bg4 12. Be3 O-O 13. Qd2 Na5 14. Bd1 h5 15. Bg5 c5 16. Nh2 Bxd1 17. Rxd1 Rad8 18. Nhf1 Qe6 19. Ne3 d5 20. Bxf6 Bxf6 21. Nxd5 Rxd5 22. exd5 Qxd5 23. Ne4 Bd8 24. O-O f5 25. Ng5 Qxa2 26. c4 Nc6 27. Ra1 Qb3 28. Rxa6 Rf6 29. Ra8 Rd6 30. Qe3 bxc4 31. Qxc5 Qxd3 32. Rc8 Nd4 33. Qxe5 Ne2+ 34. Kh2 Rd7 35. Qe8+ Kg7 36. Rxd8 Qd6+ 37. f4 Rxd8 38. Qxd8 Qb4 39. Qd7+ Kf8 40. Qf7# 1-0


[Site "https://www.chess.com"]

[Event "Titled Tuesday Blitz July 18 Early 2023"]
[White "Gulamali, Kazim"]
[Black "Galiot, Goran"]
[WhiteFideId "2024764"]
[BlackFideId "931560"]
[WhiteElo "2516"]
[BlackElo "2634"]
[Result "1-0"]
[Round "10"]
[TimeControl "180+2"]
[Date "2023.07.18"]
[WhiteClock "0:00:06"]
[BlackClock "0:00:00"]
[Board "58"]

1. e4 c5 2. Nf3 e6 3. d4 cxd4 4. Nxd4 Nf6 5. Bd3 Nc6 6. Nb3 b6 7. f4 d6 8. O-O Qc7 9. Nc3 a6 10. Be3 b5 11. Qf3 Bb7 12. a4 b4 13. Na2 Be7 14. c3 d5 15. e5 Ne4 16. Rac1 Qd7 17. Rfd1 f5 18. exf6 Nxf6 19. Nc5 Bxc5 20. Bxc5 b3 21. Nb4 Nxb4 22. cxb4 Qxa4 23. f5 e5 24. Qg3 Kf7 25. Qxe5 Rhe8 26. Qg3 Qd7 27. Bd4 Rac8 28. Rc5 Rxc5 29. bxc5 Bc6 30. Bxa6 Qxf5 31. Rf1 Qe4 32. Bxf6 gxf6 33. Qc7+ Re7 34. Qxc6 Re6 35. Qb7+ Kg6 36. Qxb3 Rxa6 37. Qg3+ Kh6 38. Qh3+ Kg6 39. Qg3+ Kf7 40. Qf2 Qe5 41. h3 Rc6 42. b4 d4 43. Rd1 d3 44. Rxd3 Re6 45. Rd7+ Kg6 46. Rd1 1-0


[Site "https://www.chess.com"]

[Event "Titled Tuesday Blitz July 18 Early 2023"]
[White "Ansh M Shah"]
[Black "Onufrienko, Vladislav"]
[WhiteFideId "25033379"]
[BlackFideId "13804332"]
[WhiteElo "2502"]
[BlackElo "2615"]
[Result "0-1"]
[Round "10"]
[TimeControl "180+2"]
[Date "2023.07.18"]
[WhiteClock "0:00:11"]
[BlackClock "0:00:07"]
[Board "59"]

1. Nf3 d5 2. g3 c6 3. Bg2 Bg4 4. O-O Nd7 5. b3 e5 6. Bb2 Bd6 7. d3 Ngf6 8. Nbd2 O-O 9. e4 Re8 10. h3 Be6 11. Ng5 h6 12. Nxe6 fxe6 13. a3 Rf8 14. Qe2 Rf7 15. Rae1 Qb6 16. Kh2 Raf8 17. Nf3 Qc7 18. Nh4 Kh7 19. Kg1 a5 20. Bf3 g6 21. Bg2 Qb6 22. Kh1 Nh5 23. Nxg6 Kxg6 24. Qg4+ Kh7 25. Qxh5 Rxf2 26. Bc1 Rxf1+ 27. Rxf1 Rxf1+ 28. Bxf1 Qf2 29. Qxh6+ Kg8 30. Qxe6+ Kh8 31. Bg2 Bc5 32. Qh6+ Kg8 33. Qg6+ Kf8 34. Bh6+ Ke7 35. Bg5+ Kf8 36. Qf5+ Qxf5 37. exf5 Bxa3 38. g4 b5 39. Bd2 a4 40. bxa4 bxa4 41. c4 Nb6 42. Ba5 Bc5 43. cxd5 Nxd5 44. Bf3 a3 45. Bxd5 cxd5 46. Bc3 a2 47. Bxe5 d4 48. Kg2 a1=Q 49. Kf3 Qf1+ 50. Ke4 Qxh3 51. Kd5 Ba7 52. Ke6 Qxg4 53. Bd6+ Ke8 54. Be5 Qh5 55. f6 Qf7+ 56. Kf5 Qd7+ 57. Ke4 Kf7 58. Kf4 Qe6 59. Ke4 Kg6 60. Kf4 Qf5+ 61. Kg3 Qxe5+ 62. Kh4 Qxf6+ 63. Kg4 Qf5+ 64. Kh4 Qg5+ 65. Kh3 Kf5 66. Kh2 Kf4 67. Kh1 Kf3 68. Kh2 Qg2# 0-1


[Site "https://www.chess.com"]

[Event "Titled Tuesday Blitz July 18 Early 2023"]
[White "Petrosian, Karlen"]
[Black "Tomaszewski, Kacper"]
[WhiteFideId "4176146"]
[BlackFideId "1127373"]
[WhiteElo "2612"]
[BlackElo "2498"]
[Result "1-0"]
[Round "10"]
[TimeControl "180+2"]
[Date "2023.07.18"]
[WhiteClock "0:00:16"]
[BlackClock "0:00:00"]
[Board "60"]

1. e4 e5 2. Nc3 Nf6 3. Bc4 Be7 4. d3 O-O 5. f4 exf4 6. Bxf4 d6 7. Nf3 Nc6 8. O-O Bg4 9. h3 Be6 10. Bb3 d5 11. Ng5 Nd4 12. Nxe6 fxe6 13. Be5 Nxb3 14. axb3 dxe4 15. Nxe4 Nxe4 16. dxe4 Qxd1 17. Raxd1 Bc5+ 18. Kh2 Rxf1 19. Rxf1 Bd6 20. Bxd6 cxd6 21. Rd1 Rd8 22. Kg3 Kf7 23. Kf4 Ke7 24. b4 Rf8+ 25. Ke3 a6 26. c3 Rf6 27. Ra1 Rf7 28. Ke2 Kd7 29. Ke3 Kc6 30. Ke2 Rf6 31. Ke3 Rf8 32. Ke2 Rf6 33. Ke3 Rg6 34. Kf3 Kb5 35. b3 Rf6+ 36. Ke3 Rf7 37. Ke2 Rc7 38. Kd3 Rf7 39. Ra5+ Kc6 40. Rh5 h6 41. c4 e5 42. Rf5 Rxf5 43. exf5 d5 44. g4 b5 45. c5 Kd7 46. Ke3 Kc6 47. h4 a5 48. bxa5 Kxc5 49. b4+ Kc6 50. g5 hxg5 51. hxg5 1-0


[Site "https://www.chess.com"]

[Event "Titled Tuesday Blitz July 18 Early 2023"]
[White "Zaragatski, Ilja"]
[Black "Mmukka"]
[WhiteFideId "4655192"]
[WhiteElo "2608"]
[BlackElo "2497"]
[Result "0-1"]
[Round "10"]
[TimeControl "180+2"]
[Date "2023.07.18"]
[WhiteClock "0:00:04"]
[BlackClock "0:00:04"]
[Board "61"]

1. e4 c5 2. Nf3 e6 3. d4 cxd4 4. Nxd4 a6 5. Bd3 Bc5 6. Nb3 Ba7 7. O-O Nc6 8. Qe2 Nge7 9. Be3 d6 10. Nc3 Qc7 11. Bxa7 Rxa7 12. f4 O-O 13. Rf3 b5 14. Rg3 f5 15. Kh1 g6 16. Rf1 Bd7 17. exf5 Nxf5 18. Rh3 Ncd4 19. Nxd4 Nxd4 20. Qe3 Nf5 21. Qe1 Raa8 22. Ne4 Rae8 23. Ng5 Re7 24. c3 Bc6 25. Be4 Bd7 26. Rd3 e5 27. fxe5 Rxe5 28. Bd5+ Kg7 29. Qc1 h6 30. Nf3 Re7 31. Rdd1 Ne3 32. Rfe1 Nxd5 33. Rxd5 Bc6 34. Rd3 Bxf3 35. Rxf3 Rxf3 36. gxf3 Qb7 37. Kg2 Rxe1 38. Qxe1 Qf7 39. a3 h5 40. Qe4 Qb3 41. Qd4+ Kh6 42. Qd2+ Kg7 43. Qe2 Qf7 44. Qd1 Qf6 45. Qd5 Qf4 46. Qb7+ Kh6 47. Qxa6 Qd2+ 48. Kg3 h4+ 49. Kg4 Qg5+ 50. Kh3 Qf5+ 51. Kg2 Qc2+ 52. Kh3 Qf5+ 53. Kxh4 Qf4+ 54. Kh3 Qxf3+ 55. Kh4 g5# 0-1


[Site "https://www.chess.com"]

[Event "Titled Tuesday Blitz July 18 Early 2023"]
[White "Al-Tarboush, Ward"]
[Black "Besedes, Danilo"]
[WhiteFideId "7601450"]
[BlackFideId "946796"]
[WhiteElo "2597"]
[BlackElo "2494"]
[Result "0-1"]
[Round "10"]
[TimeControl "180+2"]
[Date "2023.07.18"]
[WhiteClock "0:00:13"]
[BlackClock "0:00:12"]
[Board "62"]

1. e4 g6 2. d4 Bg7 3. Nc3 c6 4. Be3 d5 5. e5 h5 6. Qd2 Nh6 7. Bd3 Na6 8. Bxa6 bxa6 9. Nf3 Rb8 10. Na4 Nf5 11. O-O O-O 12. c3 f6 13. Nc5 g5 14. Nxg5 fxg5 15. Bxg5 Qe8 16. e6 Qg6 17. Rae1 h4 18. f4 Bf6 19. a4 Ng7 20. Qe3 Rxb2 21. h3 Bxg5 22. fxg5 Rxf1+ 23. Kxf1 Qc2 24. Qf3 Qf5 25. a5 Kh7 26. Re5 Qxf3+ 27. gxf3 Kg6 28. f4 Rh2 29. Nd7 Rxh3 30. Nf8+ Kh5 31. g6+ Kh6 32. f5 Rf3+ 33. Kg2 Rxf5 34. Nd7 Rxe5 35. Nxe5 Nxe6 36. Nxc6 Kxg6 37. Nxe7+ Kg5 38. Nxc8 Nf4+ 39. Kh2 Ne2 40. Nxa7 Nxc3 41. Nc6 Na2 42. Kh3 Kh5 43. Ne7 Nb4 44. Nf5 Kg5 45. Ne7 Kf4 46. Kxh4 Ke4 47. Kg4 Kxd4 48. Kf3 Nd3 49. Ke2 Ne5 50. Nf5+ Kc5 51. Ke3 Nc6 52. Kd3 Nxa5 53. Nd4 Nc6 54. Ne6+ Kd6 55. Ng5 a5 56. Kc3 Kc5 57. Ne6+ Kd6 58. Ng5 a4 59. Nf3 Kc5 60. Ng5 d4+ 61. Kd3 Nb4+ 62. Ke4 Kc4 63. Nf3 Nc6 64. Nd2+ Kc3 65. Nb1+ Kb2 66. Nd2 a3 67. Nc4+ Kb3 68. Nd2+ Kc2 0-1


[Site "https://www.chess.com"]

[Event "Titled Tuesday Blitz July 18 Early 2023"]
[White "Skliarov, Viktor"]
[Black "Taboas Rodriguez, Daniel"]
[WhiteFideId "14106736"]
[BlackFideId "2208466"]
[WhiteElo "2595"]
[BlackElo "2493"]
[Result "1-0"]
[Round "10"]
[TimeControl "180+2"]
[Date "2023.07.18"]
[WhiteClock "0:01:00"]
[BlackClock "0:00:31"]
[Board "63"]

1. e4 e5 2. Nc3 Nf6 3. Bc4 Nxe4 4. Qh5 Nd6 5. Bb3 Be7 6. Qxe5 O-O 7. d4 Bf6 8. Qf4 Nc6 9. Nge2 Na5 10. Nd5 Ne8 11. Ng3 Nxb3 12. axb3 c6 13. Nxf6+ Qxf6 14. Qxf6 Nxf6 15. Bg5 Nd5 16. c4 Nb4 17. Kd2 Na6 18. Be7 Re8 19. Bd6 Re6 20. Rhe1 f6 21. d5 Rxd6 22. Nf5 Re6 23. dxe6 dxe6 24. Ne7+ Kf7 25. Nxc8 Rxc8 26. Kc3 c5 27. Red1 Ke7 28. Rd3 Nb4 29. Rxa7 Nxd3 30. Rxb7+ Kd6 31. Kxd3 Rg8 32. b4 cxb4 33. Rxb4 h5 34. Rb7 g5 35. b4 Ra8 36. c5+ Kd5 37. Rd7+ Kc6 38. Rd6+ Kb5 39. Rb6+ Ka4 40. Kc4 e5 41. Rxf6 1-0


[Site "https://www.chess.com"]

[Event "Titled Tuesday Blitz July 18 Early 2023"]
[White "WindWhistler11"]
[Black "Shukhman, Anna"]
[BlackFideId "54180058"]
[WhiteElo "2478"]
[BlackElo "2593"]
[Result "0-1"]
[Round "10"]
[TimeControl "180+2"]
[Date "2023.07.18"]
[WhiteClock "0:00:01"]
[BlackClock "0:01:11"]
[Board "64"]

1. Nf3 Nf6 2. g3 g6 3. Bg2 Bg7 4. O-O O-O 5. c4 d6 6. Nc3 c5 7. a3 Nc6 8. Rb1 e5 9. b4 Be6 10. d3 Rb8 11. Ng5 Bd7 12. Nd5 Nxd5 13. cxd5 Nd4 14. bxc5 dxc5 15. e3 Nf5 16. Ne4 Qc7 17. Qc2 b6 18. Bd2 Nd6 19. a4 f5 20. Ng5 h6 21. Ne6 Bxe6 22. dxe6 Qe7 23. Bd5 g5 24. a5 f4 25. e4 Kh7 26. axb6 axb6 27. Bc3 Qe8 28. g4 f3 29. Kh1 h5 30. Rg1 Rf4 31. Bd2 Rxg4 32. Bxg5 Qg6 33. h4 Bh6 34. Rxg4 hxg4 35. Qd2 Qh5 36. Kg1 Rg8 37. Rxb6 Bxg5 38. Qc3 Qxh4 39. Qxe5 g3 40. fxg3 Be3+ 41. Kf1 Qh1# 0-1


[Site "https://www.chess.com"]

[Event "Titled Tuesday Blitz July 18 Early 2023"]
[White "Colas, Joshua"]
[Black "Martin Barcelo, Carles"]
[WhiteFideId "2044447"]
[BlackFideId "24561444"]
[WhiteElo "2592"]
[BlackElo "2474"]
[Result "1-0"]
[Round "10"]
[TimeControl "180+2"]
[Date "2023.07.18"]
[WhiteClock "0:01:28"]
[BlackClock "0:00:12"]
[Board "65"]

1. d4 Nf6 2. Nc3 e6 3. Nf3 d5 4. Bf4 Bd6 5. e3 O-O 6. Bd3 b6 7. Ne5 c5 8. Nb5 Bxe5 9. Bxe5 Nc6 10. O-O Ba6 11. a4 Bxb5 12. axb5 Nxe5 13. dxe5 Nd7 14. f4 f5 15. exf6 Nxf6 16. c4 Ne4 17. Bxe4 dxe4 18. Qc2 Qd3 19. Qxd3 exd3 20. Rfd1 Rfd8 21. Ra3 e5 22. Raxd3 Rxd3 23. Rxd3 exf4 24. exf4 Re8 25. b3 Re2 26. Rd8+ Kf7 27. Rd7+ Kf6 28. Rxa7 Rb2 29. Rb7 Rxb3 30. Rxb6+ Kf5 31. Rc6 Kxf4 32. Rxc5 Rb1+ 33. Kf2 Rb2+ 34. Kf1 Rb1+ 35. Ke2 Rb2+ 36. Kd3 Rxg2 37. b6 Rg1 38. b7 Rd1+ 39. Kc2 Rd8 40. Rc8 1-0


[Site "https://www.chess.com"]

[Event "Titled Tuesday Blitz July 18 Early 2023"]
[White "Begunov, Konstantin"]
[Black "Parpiev, Isaak"]
[WhiteFideId "4118510"]
[BlackFideId "34281576"]
[WhiteElo "2474"]
[BlackElo "2584"]
[Result "0-1"]
[Round "10"]
[TimeControl "180+2"]
[Date "2023.07.18"]
[WhiteClock "0:00:00"]
[BlackClock "0:00:19"]
[Board "66"]

1. d4 Nf6 2. c4 g6 3. f3 Bg7 4. e4 O-O 5. Nc3 d6 6. Be3 c5 7. dxc5 dxc5 8. Qxd8 Rxd8 9. Bxc5 Nc6 10. Nd5 Nd7 11. Nxe7+ Nxe7 12. Bxe7 Re8 13. Ba3 f5 14. O-O-O fxe4 15. c5 e3 16. Bc4+ Kh8 17. Ne2 Ne5 18. Bd5 Bf5 19. Bxb7 Rab8 20. Be4 Bxe4 21. fxe4 Nc4 22. Nd4 Nxa3 23. bxa3 Rxe4 24. Nb3 Rc4+ 25. Kb1 a5 26. a4 Rxa4 27. c6 Rc4 28. Rc1 Rxc1+ 29. Rxc1 a4 30. c7 Rc8 31. Na5 e2 32. Re1 Bc3 33. Rxe2 Bxa5 34. Re4 Bxc7 35. Rxa4 Bxh2 36. Ra7 Rc7 37. Ra8+ Kg7 38. a4 Bd6 39. a5 Bc5 40. a6 h5 41. Kc2 g5 42. Kb3 Ba7 43. Kb4 g4 44. Rd8 Kg6 0-1


[Site "https://www.chess.com"]

[Event "Titled Tuesday Blitz July 18 Early 2023"]
[White "Bendayan Claros, Aaron"]
[Black "Fonseca Manrique, Enrique"]
[WhiteFideId "3803392"]
[BlackFideId "5114330"]
[WhiteElo "2468"]
[BlackElo "2581"]
[Result "0-1"]
[Round "10"]
[TimeControl "180+2"]
[Date "2023.07.18"]
[WhiteClock "0:00:25"]
[BlackClock "0:00:16"]
[Board "67"]

1. d4 Nf6 2. Nf3 g6 3. Nbd2 d5 4. e3 Bg7 5. b4 O-O 6. c4 a5 7. b5 c5 8. Bb2 cxd4 9. Bxd4 Bf5 10. Be2 Nbd7 11. Qb3 a4 12. Qb2 a3 13. Qb3 Ne4 14. Bxg7 Kxg7 15. O-O Ndc5 16. Qb4 Ra4 17. Qb1 Nxd2 18. Qd1 Nxf1 19. Qd4+ f6 20. Qxc5 Nxe3 21. fxe3 dxc4 22. Nd4 Qc8 23. Qxe7+ Rf7 24. Qd6 c3 25. Rc1 c2 26. g4 Bxg4 27. Rxc2 Qd7 28. Qf4 Bxe2 29. Rxe2 Re7 30. Rf2 f5 31. Nxf5+ gxf5 32. Qxa4 Re4 33. Qxa3 Qd1+ 34. Rf1 Rg4+ 35. Kf2 Qd2+ 36. Kf3 Qg2# 0-1


[Site "https://www.chess.com"]